 Dungeon Crawl Stone Soup version 0.31-a0-193-gdfe2569204 (webtiles) character file.

Game seed: 5438320076460942521

51 qw the Shooter (level 3, -9/20 HPs)
             Began as a Deep Elf Hunter on June 24, 2023.
             Mangled by an iguana (10 damage)
             ... on level 4 of the Dungeon.
             The game lasted 00:00:42 (1996 turns).

qw the Shooter (Deep Elf Hunter)                    Turns: 1996, Time: 00:00:43

Health: -9/20      AC:  5    Str: 10    XL:     3   Next: 58%
Magic:  5/5        EV: 11    Int: 13    God:
Gold:   123        SH:  0    Dex: 18    Spells: 2/2 levels left

rFire   . . .        Y - +0 shortbow
rCold   . . .        (shield currently unavailable)
rNeg    . . .        a - +0 ring mail
rPois   .            (no helmet)
rElec   .            (no cloak)
rCorr   .            (no gloves)
SInv    .            (no boots)
Will    .....        (no amulet)
Stlth   +            (no ring)
HPRegen 0.23/turn    (no ring)
MPRegen 0.09/turn

%: no passive effects
@: about to teleport
A: no striking features
a: no special abilities


You were on level 4 of the Dungeon.
You visited 1 branch of the dungeon, and saw 4 of its levels.

You collected 167 gold pieces.
You spent 44 gold pieces at shops.


   Skills:
 - Level 1.5 Fighting
 + Level 7.1 Ranged Weapons
 - Level 2.4 Dodging
 - Level 1.2 Stealth


You had 2 spell levels left.
You didn't know any spells.
Your spell library was empty.

Inventory:

Hand Weapons
 Y - a +0 shortbow (weapon)
Armour
 a - a +0 ring mail (worn)
Scrolls
 c - a scroll of identify
Potions
 b - a potion of haste
 d - a potion of curing
 f - a potion of cancellation
 i - a potion of mutation {unknown}

Dungeon Overview and Level Annotations

Branches:
Dungeon (4/15)
 Temple: D:4-7

Altars:

Shops:
D:1 (   D:3 *

Annotations:
D:2 1 runed translucent door, Crazy Yiuf


Message History

1975 ||| PLANNING SEWER You shoot an arrow.
The arrow hits the orc.
The orc is severely wounded.
You shoot an arrow.
The arrow hits the orc but does no damage.
The orc is severely wounded.
You shoot an arrow. The arrow hits the orc.
You kill the orc!
You now have 123 gold pieces (gained 17).
An iguana and a kobold come into view.
The kobold shouts!
A gnoll comes into view. It is wielding a +0 spear.
You shoot an arrow. The gnoll shouts!
The arrow hits the iguana but does no damage.
You shoot an arrow. The arrow closely misses the iguana.
You shoot an arrow. The arrow hits the iguana.
The iguana is lightly wounded.
A gnoll comes into view. It is wielding a +0 flail.
A gnoll comes into view. It is wielding a +0 club.
You shoot an arrow. The arrow hits the iguana!
The iguana is heavily wounded.
The iguana bites you.
You shoot an arrow. The arrow closely misses the iguana.
The arrow hits the gnoll but does no damage.
The kobold hits you but does no damage. The gnoll closely misses you.
The iguana bites you.
You shoot an arrow. The arrow completely misses the iguana.
The arrow closely misses the gnoll.
The arrow barely misses the gnoll.
The kobold hits you with a +0 whip.
The gnoll hits you from afar with a +0 spear.
The iguana barely misses you.
The gnoll hits you from afar with a +0 spear.
The iguana barely misses you. The kobold hits you with a +0 whip.
1996 ||| READING scroll of teleportation.
As you read the scroll of teleportation, it crumbles to dust.
You feel strangely unstable. The kobold barely misses you.
The iguana bites you!
Ouch! That really hurt!
You die...

#.........#
#.........
#.........
#........
##....g..
#.....gg##
##..Kl.## .
#....@..#
..#.......#
#.........#
####.....##
#.......#
#.......#
#.......#
.#########.....##
..............##


You could see an iguana, 3 gnolls and a kobold.

Vanquished Creatures
  2 dart slugs
  2 orcs
  2 ball pythons
  7 endoplasms
  4 giant cockroaches
  4 goblins
  3 hobgoblins
  4 quokkas
  3 bats
  3 frilled lizards
  2 kobolds
  3 rats
39 creatures vanquished.

Notes
Turn   | Place    | Note
-------+----------+-------------------------------------------
     0 | D:1      | qw the Deep Elf Hunter began the quest for the Orb.
     0 | D:1      | Reached XP level 1. HP: 12/12 MP: 3/3
     0 | D:1      | 0 ||| qw: Version: 0.3-a-9-g12657ce
     0 | D:1      | 0 ||| qw: Game counter: 4688
     0 | D:1      | 0 ||| qw: Always use a shield: true
     0 | D:1      | 0 ||| qw: God list: Okawaru
     0 | D:1      | 0 ||| qw: Allow faded altars: false
     0 | D:1      | 0 ||| qw: Do Orc after D:15 true
     0 | D:1      | 0 ||| qw: Do second Lair branch before Depths: true
     0 | D:1      | 0 ||| qw: Lair rune preference: random
     0 | D:1      | 0 ||| qw: Plans: Normal
     0 | D:1      | 0 ||| PLANNING D:1-11
   184 | D:1      | Reached skill level 6 in Ranged Weapons
   184 | D:1      | Reached XP level 2. HP: 10/16 MP: 4/4
   266 | D:1      | Found Westus's Antique Weapon Emporium.
   534 | D:1      | Found a faded altar of an unknown god.
   733 | D:1      | 733 ||| READING scroll labelled SEFIUPRYATZ.
   734 | D:1      | 734 ||| READING scroll labelled ANEAGRE ADOCRA.
   738 | D:1      | 738 ||| DRINKING 2 viscous golden potions.
   739 | D:1      | 739 ||| DROPPING scroll of butterflies.
   740 | D:1      | 740 ||| DROPPING potion of invisibility.
   985 | D:2      | 985 ||| FLEEEEING.
   988 | D:2      | Reached XP level 3. HP: 19/20 MP: 5/5
  1390 | D:2      | Found a runed translucent door.
  1391 | D:2      | Noticed Crazy Yiuf
  1449 | D:2      | 1449 ||| UPGRADING to +0 ring mail.
  1459 | D:2      | 1459 ||| DROPPING +0 leather armour.
  1460 | D:2      | 1460 ||| READING scroll labelled MOILYKH BAMO.
  1461 | D:2      | 1461 ||| READING scroll labelled BIZONT HADEWK.
  1462 | D:2      | 1462 ||| DRINKING 2 black potions.
  1463 | D:2      | 1463 ||| DRINKING 2 ruby potions.
  1464 | D:2      | 1464 ||| DRINKING 2 murky cyan potions.
  1465 | D:2      | 1465 ||| DROPPING potion of magic.
  1531 | D:3      | Reached skill level 7 in Ranged Weapons
  1673 | D:3      | Found Aro Med's General Store.
  1685 | D:3      | 1685 ||| SHOPLISTING +1 pair of boots of Onnof {rC++} (374
                  | gold, have 139).
  1685 | D:3      | 1685 ||| BUYING scroll of identify (22 gold).
  1685 | D:3      | Bought a scroll of identify for 22 gold pieces
  1685 | D:3      | 1685 ||| BUYING scroll of identify (22 gold).
  1685 | D:3      | Bought a scroll of identify for 22 gold pieces
  1931 | D:3      | 1931 ||| READING 2 scrolls of identify.
  1931 | D:3      | 1931 ||| IDENTIFYING silvery potion
  1975 | D:4      | 1975 ||| PLANNING SEWER
  1995 | D:4      | HP: 4/20 [gnoll/+0 spear (2)]
  1995 | D:4      | HP: 1/20 [kobold/+0 whip (3)]
  1996 | D:4      | 1996 ||| READING scroll of teleportation.
  1996 | D:4      | Mangled by an iguana

Levels and vault maps discovered:
D:1:      dpeg_arrival_yet_another_circle, layout_basic, serial_shops,
          nicolae_shop_getting_attention, shapermc_ecumenical_altar_pompeii
D:2:      layout_basic, kennysheep_generic_room_9, uniq_crazy_yiuf_cottage
D:3:      layout_rooms, serial_shops, shop
D:4:      layout_rooms, lemuel_doored_altar,
          minmay_temple_entry_drinking_statues, portal_sewer_entry_d,
          nicolae_shop_sticking_my_neck_out, uniq_blork_the_orc

Skill      XL: |  1  2  3 |
---------------+----------+-----
Ranged Weapons | 6 7 |  7.1
Fighting       | |  1.5
Dodging        | |  2.4
Stealth        | |  1.2

Action                     || total
---------------------------++-------
   Fire: Shortbow          ||   134
    Use: Scroll            ||     6
         Potion            ||     4
 Armour: Leather armour    ||    11
         Ring mail         ||     1
  Dodge: Dodged            ||    33

Table legend:
 A = Non-vault XP
 B = Vault XP
 C = Vault XP percentage of total XP
 D = Non-vault monster count
 E = Vault monster count
 F = Vault count percentage of total count
                 A         B        C        D         E       F
            +---------+---------+-------+---------+---------+-------
      Total |      70 |       4 |   5.4 |      37 |       2 |   5.1
            +---------+---------+-------+---------+---------+-------
        D:1 |      36 |       0 |   0.0 |      20 |       0 |   0.0
        D:2 |      20 |       4 |  16.7 |      10 |       2 |  16.7
        D:3 |      11 |       0 |   0.0 |       6 |       0 |   0.0
        D:4 |       3 |       0 |   0.0 |       1 |       0 |   0.0
            +---------+---------+-------+---------+---------+-------
